 Dungeon Crawl Stone Soup version 0.24.0-123-gd5b16e6ec5 (webtiles) character file.

Game seed: 12698537461254382725, levelgen mode: deterministic

123 hurston the Stinger (level 5, -3/37 HPs)
             Began as a Gnoll Wanderer on Feb 4, 2020.
             Slain by a gnoll (7 damage)
             ... on level 2 of the Dungeon.
             The game lasted 00:11:17 (1722 turns).

hurston the Stinger (Gnoll Wanderer)                Turns: 1722, Time: 00:11:18

Health: -3/37      AC:  2    Str: 14    XL:     5   Next: 7%
Magic:  5/9        EV: 12    Int: 16    God:
Gold:   83         SH:  0    Dex: 14    Spells: 7/10 levels left

rFire    . . .     SeeInvis .   a - +0 short sword
rCold    . . .     Gourm    .   (no shield)
rNeg     . . .     Faith    .   c - +0 robe
rPois    .         Spirit   .   (no helmet)
rElec    .         Reflect  .   (no cloak)
rCorr    .         Harm     .   (no gloves)
MR       .....                  (no boots)
Stlth    ++........             (no amulet)
HPRegen  0.12/turn              (no ring)
MPRegen  0.11/turn              (no ring)

@: no status effects
A: distributed training, fangs 1, strong nose
a: no special abilities


You were on level 2 of the Dungeon.
You were not hungry.

You visited 1 branch of the dungeon, and saw 2 of its levels.

You collected 83 gold pieces.

Inventory:

Hand Weapons
 a - a +0 short sword (weapon)
Missiles
 i - 4 javelins (quivered)
 j - 37 sling bullets
 n - 19 arrows
 p - 32 stones
 q - 14 poisoned darts
Armour
 c - a +0 robe (worn)
Jewellery
 k - an uncursed amulet of rage {unknown}
 m - an uncursed ring of protection from fire {unknown}
 t - a +3 ring of protection {unknown}
Scrolls
 b - a scroll of amnesia {unknown}
 g - 3 scrolls of identify {unknown}
 r - a scroll of noise {unknown}
Potions
 d - a potion of cancellation {unknown}
 e - 5 potions of curing {unknown}
 h - 2 potions of ambrosia {unknown}
 l - a potion of degeneration {unknown}
 o - a potion of brilliance {unknown}
 u - a potion of flight {unknown}
Comestibles
 f - 5 rations
 s - 2 chunks of flesh


   Skills:
 + Level 1.3 Fighting
 + Level 1.3 Short Blades
 + Level 1.3 Long Blades
 + Level 1.3 Axes
 + Level 1.3 Maces & Flails
 + Level 1.3 Polearms
 + Level 1.3 Staves
 + Level 1.3 Slings
 + Level 1.3 Bows
 + Level 1.3 Crossbows
 + Level 1.3 Throwing
 + Level 1.3 Armour
 + Level 1.3 Dodging
 + Level 2.6 Stealth
 + Level 1.3 Shields
 + Level 1.3 Unarmed Combat
 + Level 3.1 Spellcasting
 + Level 1.0 Conjurations
 + Level 1.0 Hexes
 + Level 3.9 Charms
 + Level 1.0 Summonings
 + Level 1.0 Necromancy
 + Level 1.0 Translocations
 + Level 1.0 Transmutations
 + Level 1.0 Fire Magic
 + Level 1.0 Ice Magic
 + Level 3.9 Air Magic
 + Level 1.0 Earth Magic
 + Level 5.5 Poison Magic
 + Level 1.4 Invocations
 + Level 2.8 Evocations


You had 7 spell levels left.
You knew the following spells:

 Your Spells              Type           Power        Failure   Level  Hunger
a - Sting                 Conj/Pois      ##..         4%          1    #......
b - Poisonous Vapours     Pois/Air       ###...       4%          2    ##.....

Your spell library contained the following spells:

 Spells                   Type           Power        Failure   Level  Hunger
 Mephitic Cloud           Conj/Pois/Air  ##......     13%         3    ###....
 Passwall                 Tmut/Erth      #.......     19%         2    ##.....
 Sticks to Snakes         Tmut           #.......     19%         2    ##.....
 Olgreb's Toxic Radiance  Pois           ###.....     19%         4    #####..
 Venom Bolt               Conj/Pois      ##........   80%         5    ######.


Dungeon Overview and Level Annotations

Branches:
Dungeon (2/15)

Altars:


Innate Abilities, Weirdness & Mutations

Your experience applies equally to all skills.
You have very sharp teeth.
Your uncanny sense of smell can sniff out nearby items.


Message History

The gnoll is heavily wounded.
The gnoll closely misses you. The gnoll hits you but does no damage.
You hit the gnoll.
The gnoll is almost dead.
You hit the gnoll but do no damage. Your bite misses the gnoll.
The gnoll is almost dead.
The gnoll hits you.
* * * LOW HITPOINT WARNING * * *
The gnoll hits you with a cursed -2 club!
* * * LOW HITPOINT WARNING * * *
You barely miss the gnoll.
The gnoll is severely wounded.
The gnoll closely misses you.
You closely miss the gnoll.
The gnoll is severely wounded.
The gnoll closely misses you.
You hit the gnoll.
The gnoll is almost dead.
The gnoll hits you!
You die...

#####(#....####......#..####
#.(.#..# #...##..#......
#####.....####...##.)..#
#((.รท...........####...#
#.#l##....####.## #...#
###.#.#..#..# #.# ##..##
......#g###.## #.# #.###
.......l..#.l###.# .#
......S...##.Sgg@# .#
....).....###..### ..
..........# ##..######
..........####..##...#
............)...##.###
..........#######..#
#..........##.....##
#.................#
.......###....#####


You could see 2 gnolls, an adder and a frilled lizard.

Vanquished Creatures
  2 orc wizards (D:2)
  A gnoll (D:2)
  A leopard gecko (D:1)
  2 orcs (D:2)
  10 bats
  5 giant cockroaches
  6 goblins
  A hobgoblin (D:1)
  11 jackals
  2 kobolds
  2 frilled lizards
  5 rats
48 creatures vanquished.

Notes
Turn   | Place    | Note
-------+----------+-------------------------------------------
     0 | D:1      | hurston the Gnoll Wanderer began the quest for the Orb.
     0 | D:1      | hurston set off with the following items: a +0 club, a +0
                  | robe, a ration; and the following spell memorised: Sting;
                  | and the following spells available to memorise: Poisonous
                  | Vapours, Mephitic Cloud, Olgreb's Toxic Radiance, Passwall,
                  | Sticks to Snakes, Venom Bolt
     0 | D:1      | Reached XP level 1. HP: 13/13 MP: 4/4
   251 | D:1      | Reached XP level 2. HP: 17/19 MP: 3/5
   571 | D:1      | Learned a level 2 spell: Poisonous Vapours
   664 | D:1      | Reached XP level 3. HP: 11/25 MP: 5/7
  1057 | D:2      | Reached skill level 1 in Invocations
  1088 | D:1      | HP: 1/25 [poisoned by a gnoll]
  1465 | D:2      | Reached skill level 1 in Fighting
  1465 | D:2      | Reached skill level 1 in Short Blades
  1465 | D:2      | Reached skill level 1 in Long Blades
  1465 | D:2      | Reached skill level 1 in Axes
  1465 | D:2      | Reached skill level 1 in Maces & Flails
  1465 | D:2      | Reached skill level 1 in Polearms
  1465 | D:2      | Reached skill level 1 in Staves
  1465 | D:2      | Reached skill level 1 in Slings
  1465 | D:2      | Reached skill level 1 in Bows
  1465 | D:2      | Reached skill level 1 in Crossbows
  1465 | D:2      | Reached skill level 1 in Throwing
  1465 | D:2      | Reached skill level 1 in Armour
  1465 | D:2      | Reached skill level 1 in Dodging
  1465 | D:2      | Reached skill level 1 in Shields
  1465 | D:2      | Reached skill level 1 in Unarmed Combat
  1522 | D:2      | Reached XP level 4. HP: 32/32 MP: 5/8
  1641 | D:2      | Reached skill level 1 in Conjurations
  1641 | D:2      | Reached skill level 1 in Hexes
  1641 | D:2      | Reached skill level 1 in Summonings
  1641 | D:2      | Reached skill level 1 in Necromancy
  1641 | D:2      | Reached skill level 1 in Translocations
  1641 | D:2      | Reached skill level 1 in Transmutations
  1641 | D:2      | Reached skill level 1 in Fire Magic
  1641 | D:2      | Reached skill level 1 in Ice Magic
  1641 | D:2      | Reached skill level 1 in Earth Magic
  1641 | D:2      | Reached XP level 5. HP: 37/37 MP: 1/9
  1722 | D:2      | Slain by a gnoll

Levels and vault maps discovered:
D:1:      dpeg_arrival_renting, layout_basic
D:2:      layout_rooms, lemuel_doored_altar

Skill      XL: |  1  2  3  4 |
---------------+-------------+-----
Invocations    | 1 |  1.4
Fighting       | 1 |  1.3
Short Blades   | 1 |  1.3
Long Blades    | 1 |  1.3
Axes           | 1 |  1.3
Maces & Flails | 1 |  1.3
Polearms       | 1 |  1.3
Staves         | 1 |  1.3
Slings         | 1 |  1.3
Bows           | 1 |  1.3
Crossbows      | 1 |  1.3
Throwing       | 1 |  1.3
Armour         | 1 |  1.3
Dodging        | 1 |  1.3
Shields        | 1 |  1.3
Unarmed Combat | 1 |  1.3
Spellcasting   | 3 |  3.1
Conjurations   | 1 |  1.0
Hexes          | 1 |  1.0
Summonings     | 1 |  1.0
Necromancy     | 1 |  1.0
Translocations | 1 |  1.0
Transmutations | 1 |  1.0
Fire Magic     | 1 |  1.0
Ice Magic      | 1 |  1.0
Earth Magic    | 1 |  1.0
Stealth        | |  2.6
Charms         | |  3.9
Air Magic      | |  3.9
Poison Magic   | |  5.5
Evocations     | |  2.8

Action                   |  1- 3 |  4- 6 || total
-------------------------+-------+-------++-------
Melee: Club              |    50 |       ||    50
       Dagger            |    10 |       ||    10
       Bite              |     6 |     1 ||     7
       Short sword       |    27 |    27 ||    54
 Cast: Sting             |    28 |     6 ||    34
       Poisonous Vapours |    12 |     7 ||    19
  Eat: Chunk             |     3 |     1 ||     4
Armor: Robe              |    26 |     2 ||    28
Dodge: Dodged            |    73 |    19 ||    92
